APL (24 & UNDER)
MONTGOMERY GREY SOX @ KENOSHA KINGFISH
07/20/2025
 
TOP OF THE 1ST
Montgomery Grey Sox batting - Pitching for Kenosha Kingfish : LHP Javier Robles
Pitching: LHP Javier Robles
Batting: RHB Sergio Gonzáles 0-0: Foul Ball, location: 2F
0-1: Swinging Strike
0-2: Strikes out swinging, 2-3 out at first.
Batting: SHB Joe Pierce 0-0: Ball
1-0: Foul Ball, location: 2F
1-1: Swinging Strike
1-2: Foul Ball, location: 2F
1-2: Foul Ball, location: 2F
1-2: Ball
2-2: Ball
3-2: Strikes out looking
Batting: RHB Joe Courtier 0-0: Called Strike
0-1: Swinging Strike
0-2: Strikes out swinging
Top of the 1st over - 0 run(s), 0 hit(s), 0 error(s), 0 left on base; Montgomery 0 - Kenosha 0
BOTTOM OF THE 1ST
Kenosha Kingfish batting - Pitching for Montgomery Grey Sox : LHP Marcos Bautista
Pitching: LHP Marcos Bautista
Batting: SHB Devin Smith 0-0: Ball
1-0: Foul Ball, location: 2F
1-1: Foul Ball, location: 2F
1-2: Ball
2-2: Strikes out swinging
Batting: RHB Matt Rodríguez 0-0: Ball
1-0: Foul Ball, location: 2F
1-1: Foul Ball, location: 2F
1-2: Strikes out looking
Batting: LHB Poto Vasilini 0-0: Ball
1-0: Ball
2-0: Foul Ball, location: 2F
2-1: Foul Ball, location: 2F
2-2: Foul Ball, location: 2F
2-2: Ball
3-2: Base on Balls
Batting: RHB Francisco Martínez 0-0: Swinging Strike
0-1: Fielders Choice at 2nd, U4 (Groundball, 4M)
Bottom of the 1st over - 0 run(s), 0 hit(s), 0 error(s), 1 left on base; Montgomery 0 - Kenosha 0
TOP OF THE 2ND
Montgomery Grey Sox batting - Pitching for Kenosha Kingfish : LHP Javier Robles
Batting: LHB José Hernández 0-0: Ball
1-0: SINGLE (Groundball, 25) (infield hit)
Batting: RHB José Montoya 0-0: Called Strike
0-1: Foul Ball, location: 2F
0-2: Ground out 5-3 (Groundball, 56S)
José Hernández to second
Batting: RHB Dean Bailey 0-0: Called Strike
0-1: Ball
1-1: Ball
2-1: SINGLE (Line Drive, 6M)
José Hernández to third
Batting: SHB Hoyt Norris 0-0: SINGLE (Flyball, 9S)
José Hernández scores
Dean Bailey to second
Runner from 2nd tries for 3rd, SAFE, no throw or cutoff
Batting: RHB Frederick Curtis 0-0: Ball
1-0: Ball
2-0: Foul Ball, location: 2F
2-1: Ball
3-1: Base on Balls
Hoyt Norris to second
Batting: LHB António Fernández 0-0: Ball
1-0: Foul Ball, location: 2F
1-1: Swinging Strike
1-2: Foul Ball, location: 2F
1-2: SINGLE (Groundball, 56D)
Dean Bailey scores
Hoyt Norris to third
Frederick Curtis to second
Batting: RHB Sergio Gonzáles 0-0: Called Strike
0-1: Swinging Strike
0-2: Ball
1-2: Ball
2-2: SINGLE (Line Drive, 3D)
Hoyt Norris scores
Frederick Curtis to third
António Fernández to second
Runner from 3rd tries for Home, SAFE, no throw or cutoff
Batting: SHB Joe Pierce 0-0: Ball
António Fernández steals 3rd base
Sergio Gonzáles to second
1-0: Ball
2-0: Ball
3-0: Called Strike
3-1: Ground out 5-3 (Groundball, 56)
António Fernández scores
Batting: RHB Joe Courtier 0-0: Called Strike
0-1: DOUBLE (Line Drive, 7LD)
Sergio Gonzáles scores
Batting: LHB José Hernández 0-0: Called Strike
0-1: Ball
1-1: Foul Ball, location: 2F
1-2: Strikes out swinging
Top of the 2nd over - 6 run(s), 6 hit(s), 0 error(s), 1 left on base; Montgomery 6 - Kenosha 0
BOTTOM OF THE 2ND
Kenosha Kingfish batting - Pitching for Montgomery Grey Sox : LHP Marcos Bautista
Batting: RHB Doug Lutz 0-0: Ball
1-0: Foul Ball, location: 2F
1-1: Ball
2-1: Foul Ball, location: 2F
2-2: Ball
3-2: Foul Ball, location: 2F
3-2: Foul Ball, location: 2F
3-2: Foul Ball, location: 2F
3-2: Base on Balls
Batting: SHB Ken Gibson 0-0: Foul Ball, location: 2F
0-1: Ball
1-1: Ball
2-1: Swinging Strike
2-2: Strikes out swinging
Batting: RHB Manuel Gómez 0-0: Ball
Doug Lutz steals 2nd base
1-0: Foul Ball, location: 2F
1-1: Swinging Strike
1-2: Strikes out swinging
Batting: RHB Tommy Davenport 0-0: Called Strike
0-1: Ball
1-1: Fly out, F5 (Line Drive, 5)
Bottom of the 2nd over - 0 run(s), 0 hit(s), 0 error(s), 1 left on base; Montgomery 6 - Kenosha 0
TOP OF THE 3RD
Montgomery Grey Sox batting - Pitching for Kenosha Kingfish : LHP Javier Robles
Batting: RHB José Montoya 0-0: Called Strike
0-1: Ball
1-1: Fly out, F7 (Flyball, 7M)
Batting: RHB Dean Bailey 0-0: Fly out, F7 (Flyball, 78M)
Batting: SHB Hoyt Norris 0-0: Called Strike
0-1: Fly out, F2 (Popup, 2RF)
Top of the 3rd over - 0 run(s), 0 hit(s), 0 error(s), 0 left on base; Montgomery 6 - Kenosha 0
BOTTOM OF THE 3RD
Kenosha Kingfish batting - Pitching for Montgomery Grey Sox : LHP Marcos Bautista
Batting: LHB Jon Quinn 0-0: Ball
1-0: SINGLE (Groundball, 34)
Batting: SHB Devin Smith 0-0: Called Strike
0-1: Ball
1-1: Ball
2-1: Called Strike
2-2: Grounds into double play, 6-4-3 (Groundball, 6)
Batting: RHB Matt Rodríguez 0-0: Ball
1-0: Called Strike
1-1: Swinging Strike
1-2: Hit by Pitch
Batting: LHB Poto Vasilini 0-0: Ball
1-0: Fielders Choice at 2nd, 6-4 (Groundball, 6)
Bottom of the 3rd over - 0 run(s), 1 hit(s), 0 error(s), 0 left on base; Montgomery 6 - Kenosha 0
TOP OF THE 4TH
Montgomery Grey Sox batting - Pitching for Kenosha Kingfish : LHP Javier Robles
Batting: RHB Frederick Curtis 0-0: Ball
1-0: Ball
2-0: Swinging Strike
2-1: Foul Ball, location: 2F
2-2: Ball
3-2: Strikes out swinging
Batting: LHB António Fernández 0-0: Fly out, F7 (Flyball, 8LS)
Batting: RHB Sergio Gonzáles 0-0: Called Strike
0-1: Called Strike
0-2: Ball
1-2: Foul Ball, location: 2F
1-2: Foul Ball, location: 2F
1-2: Foul Ball, location: 2F
1-2: Ball
2-2: Strikes out swinging
Top of the 4th over - 0 run(s), 0 hit(s), 0 error(s), 0 left on base; Montgomery 6 - Kenosha 0
BOTTOM OF THE 4TH
Kenosha Kingfish batting - Pitching for Montgomery Grey Sox : LHP Marcos Bautista
Batting: RHB Francisco Martínez 0-0: Ball
1-0: Called Strike
1-1: Ball
2-1: DOUBLE (Line Drive, 89D)
Batting: RHB Doug Lutz 0-0: Ball
1-0: Ground out 6-3 (Groundball, 6M)
Francisco Martínez to third
Batting: SHB Ken Gibson 0-0: Ball
1-0: Foul Ball, location: 2F
1-1: Ball
2-1: Foul Ball, location: 2F
2-2: Ball
3-2: Foul Ball, location: 2F
3-2: Strikes out looking
Batting: RHB Manuel Gómez 0-0: Called Strike
0-1: Called Strike
0-2: Ball
1-2: Ball
2-2: Strikes out swinging
Bottom of the 4th over - 0 run(s), 1 hit(s), 0 error(s), 1 left on base; Montgomery 6 - Kenosha 0
TOP OF THE 5TH
Montgomery Grey Sox batting - Pitching for Kenosha Kingfish : LHP Javier Robles
Batting: SHB Joe Pierce 0-0: Ball
1-0: Ball
2-0: Fly out, F3 (Popup, 3F)
Batting: RHB Joe Courtier 0-0: TRIPLE (Flyball, 9LS)
Batting: LHB José Hernández 0-0: Ball
1-0: Ball
2-0: SINGLE (Line Drive, 8LS)
Joe Courtier scores
Pitching: LHP Flint Williams
Batting: RHB José Montoya 0-0: Ball
1-0: Ball
2-0: Called Strike
2-1: Ball
3-1: Called Strike
3-2: Foul Ball, location: 2F
3-2: Foul Ball, location: 2F
3-2: Foul Ball, location: 2F
3-2: Fielders Choice at 2nd, 5-4 (Groundball, 56)
Batting: RHB Dean Bailey 0-0: Ball
José Montoya steals 2nd base
1-0: Swinging Strike
1-1: Swinging Strike
1-2: Strikes out swinging
Top of the 5th over - 1 run(s), 2 hit(s), 0 error(s), 1 left on base; Montgomery 7 - Kenosha 0
BOTTOM OF THE 5TH
Kenosha Kingfish batting - Pitching for Montgomery Grey Sox : LHP Marcos Bautista
Batting: RHB Tommy Davenport 0-0: Swinging Strike
0-1: Swinging Strike
0-2: Fly out, F5 (Popup, 5SF)
Batting: LHB Jon Quinn 0-0: Called Strike
0-1: Foul Ball, location: 2F
0-2: Strikes out swinging
Batting: SHB Devin Smith 0-0: Ball
1-0: Fly out, F9 (Flyball, 9S)
Bottom of the 5th over - 0 run(s), 0 hit(s), 0 error(s), 0 left on base; Montgomery 7 - Kenosha 0
TOP OF THE 6TH
Montgomery Grey Sox batting - Pitching for Kenosha Kingfish : LHP Flint Williams
Batting: SHB Hoyt Norris 0-0: Called Strike
0-1: Ball
1-1: Swinging Strike
Single, Error in OF, E7, batter to second base
Batting: RHB Frederick Curtis 0-0: Swinging Strike
0-1: Swinging Strike
0-2: Foul Ball, location: 2F
0-2: Strikes out looking
Batting: LHB António Fernández 0-0: Ball
1-0: Ball
2-0: Called Strike
2-1: Ball
3-1: Foul Ball, location: 2F
3-2: Strikes out swinging
Batting: RHB Sergio Gonzáles 0-0: Ball
1-0: Called Strike
1-1: Ball
2-1: Foul Ball, location: 2F
2-2: Strikes out swinging
Top of the 6th over - 0 run(s), 1 hit(s), 1 error(s), 1 left on base; Montgomery 7 - Kenosha 0
BOTTOM OF THE 6TH
Kenosha Kingfish batting - Pitching for Montgomery Grey Sox : LHP Marcos Bautista
Batting: RHB Matt Rodríguez 0-0: Called Strike
0-1: Ball
1-1: Ball
2-1: Called Strike
2-2: Foul Ball, location: 2F
2-2: Foul Ball, location: 2F
2-2: Strikes out swinging
Pitching: RHP Brian Barker
Batting: LHB Poto Vasilini 0-0: Called Strike
0-1: Fly out, F7 (Line Drive, 7M)
Batting: RHB Francisco Martínez 0-0: Called Strike
0-1: Ball
1-1: Foul Ball, location: 2F
1-2: Strikes out swinging
Bottom of the 6th over - 0 run(s), 0 hit(s), 0 error(s), 0 left on base; Montgomery 7 - Kenosha 0
TOP OF THE 7TH
Montgomery Grey Sox batting - Pitching for Kenosha Kingfish : LHP Flint Williams
Batting: SHB Joe Pierce 0-0: Ball
1-0: Ball
2-0: Called Strike
2-1: Ball
3-1: Foul Ball, location: 2F
3-2: Strikes out swinging
Pitching: RHP Paul Pothecary
Batting: RHB Joe Courtier 0-0: Called Strike
0-1: Ball
1-1: Swinging Strike
1-2: Ball
2-2: Strikes out swinging
Batting: LHB José Hernández 0-0: Swinging Strike
0-1: Fly out, F8 (Line Drive, 8RS)
Top of the 7th over - 0 run(s), 0 hit(s), 0 error(s), 0 left on base; Montgomery 7 - Kenosha 0
BOTTOM OF THE 7TH
Kenosha Kingfish batting - Pitching for Montgomery Grey Sox : RHP Brian Barker
Batting: RHB Doug Lutz 0-0: Called Strike
0-1: Ball
1-1: Ball
2-1: Ball
3-1: Swinging Strike
3-2: Foul Ball, location: 2F
3-2: Strikes out swinging
Batting: SHB Ken Gibson 0-0: Ball
1-0: Ball
2-0: Foul Ball, location: 2F
2-1: Ball
3-1: SINGLE (Line Drive, 56D)
Batting: RHB Manuel Gómez 0-0: Called Strike
0-1: Ball
1-1: Grounds into double play, 6-4-3 (Groundball, 6)
Bottom of the 7th over - 0 run(s), 1 hit(s), 0 error(s), 0 left on base; Montgomery 7 - Kenosha 0
TOP OF THE 8TH
Montgomery Grey Sox batting - Pitching for Kenosha Kingfish : RHP Paul Pothecary
Batting: RHB José Montoya 0-0: Foul Ball, location: 2F
0-1: Swinging Strike
0-2: Ball
1-2: Ball
2-2: Foul Ball, location: 2F
2-2: Foul Ball, location: 2F
2-2: Ball
3-2: Strikes out swinging
Batting: RHB Dean Bailey 0-0: Ball
1-0: Ball
2-0: Called Strike
2-1: Ground out 6-3 (Groundball, 6)
Batting: SHB Hoyt Norris 0-0: SINGLE (Line Drive, 8LS)
Batting: RHB Frederick Curtis 0-0: SINGLE (Line Drive, 78S)
Hoyt Norris to second
Batting: LHB António Fernández 0-0: Swinging Strike
0-1: Foul Ball, location: 2F
0-2: Strikes out swinging
Top of the 8th over - 0 run(s), 2 hit(s), 0 error(s), 2 left on base; Montgomery 7 - Kenosha 0
BOTTOM OF THE 8TH
Kenosha Kingfish batting - Pitching for Montgomery Grey Sox : RHP Brian Barker
Batting: RHB Tommy Davenport 0-0: Swinging Strike
0-1: Reached on error, E5 (Groundball, 5)
Batting: LHB Jon Quinn 0-0: Ball
1-0: SINGLE (Flyball, 89S)
Tommy Davenport to second
Runner from 2nd tries for 3rd, SAFE, throw made to third
Batting: SHB Devin Smith 0-0: Ball
1-0: Foul Ball, location: 2F
1-1: Fly out, F7 (Flyball, 8LM)
Runner from 3rd tags up, SCORES, no throw
Pitching: RHP Jorge Gonzáles
Batting: RHB Matt Rodríguez 0-0: Ball
1-0: Fly out, F3 (Popup, 13)
Batting: LHB Poto Vasilini 0-0: Fly out, F3 (Line Drive, 34)
Bottom of the 8th over - 1 run(s), 1 hit(s), 1 error(s), 1 left on base; Montgomery 7 - Kenosha 1
TOP OF THE 9TH
Montgomery Grey Sox batting - Pitching for Kenosha Kingfish : RHP Paul Pothecary
Batting: RHB Sergio Gonzáles 0-0: Ball
1-0: Called Strike
1-1: Ball
2-1: Ball
3-1: Called Strike
3-2: Base on Balls
Batting: SHB Joe Pierce 0-0: Sac Bunt - play at second, runner OUT! 1-6
Batting: RHB Joe Courtier 0-0: Ball
1-0: Foul Ball, location: 2F
1-1: 2-RUN HOME RUN (Flyball, 89XD), Distance : 411 ft
Batting: LHB José Hernández 0-0: Swinging Strike
0-1: Foul Ball, location: 2F
0-2: Ball
1-2: Ball
2-2: Foul Ball, location: 2F
2-2: Strikes out looking
Pinch Hitting: SHB Marvin López 0-0: Ball
1-0: Ball
2-0: Ball
3-0: Base on Balls
Batting: RHB Dean Bailey 0-0: Called Strike
0-1: Ball
1-1: Foul Ball, location: 2F
1-2: Strikes out looking
Top of the 9th over - 2 run(s), 1 hit(s), 0 error(s), 1 left on base; Montgomery 9 - Kenosha 1
BOTTOM OF THE 9TH
Kenosha Kingfish batting - Pitching for Montgomery Grey Sox : RHP Jorge Gonzáles
Now at 2B: Félix Guillén
Now in LF: Martín Palaeios
Batting: RHB Francisco Martínez 0-0: Called Strike
0-1: Swinging Strike
0-2: Hit by Pitch
Batting: RHB Doug Lutz 0-0: Called Strike
0-1: Fielders Choice at 2nd, 5-4 (Groundball, 56)
Batting: SHB Ken Gibson 0-0: Called Strike
0-1: Fly out, F8 (Flyball, 8LD)
Batting: RHB Manuel Gómez 0-0: Swinging Strike
0-1: Swinging Strike
0-2: Ball
1-2: Ball
2-2: Ball
3-2: Fly out, F7 (Flyball, 78XD)
Bottom of the 9th over - 0 run(s), 0 hit(s), 0 error(s), 1 left on base; Montgomery 9 - Kenosha 1
This league is powered by Out of the Park Baseball, the baseball management simulation game for PC, Mac and Linux
Tuesday, August 2nd, 2016 - OOTP Baseball 16.8 Build 38